 Dungeon Crawl Stone Soup version 0.31-a0-865-g3d5d91748a (webtiles) character file.

Game seed: 17099619369919357569

730 Joey1 the Carver (level 7, 0/61 HPs)
             Began as a Minotaur Fighter on Oct 10, 2023.
             Slain by Edmund
             ... wielding a +2 dire flail of protection
              (13 damage)
             ... on level 6 of the Dungeon.
             The game lasted 00:05:38 (4246 turns).

Joey1 the Carver (Minotaur Fighter)                 Turns: 4246, Time: 00:05:39

Health: 0/61       AC:  9    Str: 20    XL:     7   Next: 44%
Magic:  6/6        EV:  7    Int:  5    God:
Gold:   113        SH:  5    Dex: 12    Spells: 6/6 levels left

rFire   . . .        p - +2 falchion (heavy)
rCold   . . .        c - +0 buckler
rNeg    . . .        x - +0 chain mail
rPois   +            (helmet restricted)
rElec   .            (no cloak)
rCorr   .            (no gloves)
SInv    .            (no boots)
Will    .....        (no amulet) Stlth
                     g - ring of poison resistance
HPRegen 0.30/turn    (no ring)
MPRegen 0.10/turn

%: no passive effects
@: mighty
A: horns 2, retaliatory headbutt
a: no special abilities


You were on level 6 of the Dungeon.
You visited 2 branches of the dungeon, and saw 7 of its levels.

You collected 141 gold pieces.
You spent 28 gold pieces at shops.

Inventory:

Hand Weapons
 a - a +0 long sword
 p - a +2 heavy falchion (weapon)
 t - a +0 double sword of electrocution
Armour
 b - a +0 scale mail
 c - a +0 buckler (worn)
 w - the +2 leather armour "Jeaciqav" {Regen+ Dex+2}
   (You found it on level 4 of the Dungeon)

   Dex+2:     It affects your dexterity (+2).
   Regen+:    It increases your rate of health regeneration.
 x - a +0 chain mail (worn)
Jewellery
 g - a ring of poison resistance (left hand)
 h - a ring of wizardry
 k - a ring of magical power
 l - a ring of see invisible
 o - a ring of magical power
Wands
 y - a wand of flame (7)
Scrolls
 f - a scroll of teleportation {unknown}
 i - 5 scrolls of identify
 j - 2 scrolls of amnesia {unknown}
 m - a scroll of enchant armour {unknown}
 n - 2 scrolls of fog {unknown}
 q - a scroll of torment {unknown}
 v - a scroll of brand weapon {unknown}
Potions
 e - a potion of berserk rage {unknown}
 r - 2 potions of lignification {unknown}
 s - a potion of cancellation {unknown}
 u - a potion of attraction {unknown}
 z - a potion of enlightenment {unknown}
 A - a potion of degeneration {unknown}
 B - a potion of mutation {unknown}
 C - a potion of curing {unknown}


   Skills:
 - Level 5.0 Fighting
 * Level 8.3 Long Blades
 - Level 5.0 Armour
 - Level 5.0 Shields


You had 6 spell levels left.
You didn't know any spells.
Your spell library contained the following spells:

 Spells                   Type           Power      Damage    Failure   Level
 Magic Dart               Conj           0%         1d3       99%         1
 Summon Small Mammal      Summ           0%         N/A       99%         1
 Call Imp                 Summ           0%         N/A       100%        2
 Call Canine Familiar     Summ           0%         N/A       100%        3
 Dazzling Flash           Conj/Hex       0%         N/A       100%        3
 Mephitic Cloud           Conj/Pois/Air  0%         N/A       100%        3
 Sigil of Binding         Hex            0%         N/A       100%        3
 Summon Guardian Golem    Hex/Summ       0%         N/A       100%        3
 Volatile Blastmotes      Fire/Tloc      0%         2d10      100%        3
 Dimensional Bullseye     Hex/Tloc       0%         N/A       100%        4
 Leda's Liquefaction      Hex/Erth       0%         N/A       100%        4
 Starburst                Conj/Fire      0%         6d3       100%        6
 Maxwell's Capacitive Co  Air            0%         ∞         100%        8


Dungeon Overview and Level Annotations

Branches:
Dungeon (6/15)             Temple (1/1) D:5

Altars:
Ashenzari
Elyvilon
Fedhas
Hepliaklqana
Makhleb
Nemelex Xobeh
Ru
Trog
Uskayaw
Wu Jian
Xom
Yredelemnul
The Shining One

Shops:
D:3 ?

Annotations:
D:6 Edmund


Innate Abilities, Weirdness & Mutations

You have a pair of horns on your head.
You reflexively headbutt those who attack you in melee.


Message History

You headbutt the scorpion!
You kill the scorpion!
Edmund gestures with his flail.
You block Edmund's attack.
Your Long Blades skill increases to level 8!
You barely miss Edmund.
Edmund gestures with his flail.
Edmund hits you with a +2 dire flail of protection.
Unknown command.
You closely miss Edmund. Edmund hits you but does no damage.
You closely miss Edmund. Edmund barely misses you.
The ogre hits you but does no damage. Edmund closely misses you.
Unknown command.
You slash Edmund! Your headbutt misses Edmund.
Edmund is moderately wounded.
Edmund says, "I'm quite good with sums, too."
Edmund hits you with a +2 dire flail of protection.
The ogre hits you with a +0 giant spiked club!!
You are too injured to fight recklessly!
You are too injured to fight recklessly!
You are too injured to fight recklessly!
You hit Edmund but do no damage. You headbutt Edmund, but do no damage.
Edmund is moderately wounded.
Edmund says, "People think my brother is the best.
I think he's crazy."
Edmund hits you with a +2 dire flail of protection.
You feel very mighty all of a sudden. The ogre hits you but does no damage.
Edmund completely misses you. You furiously retaliate!
You headbutt Edmund!! You hit Edmund. Your headbutt misses Edmund.
Edmund is almost dead.
Edmund barely misses you.
The ogre hits you with a +0 giant spiked club!
* * * LOW HITPOINT WARNING * * *
Edmund hits you but does no damage.
You hit Edmund.
Edmund is almost dead.
You block the ogre's attack.
Edmund hits you with a +2 dire flail of protection!
You die...
Edmund says, "I'd like to see a scythe do that!"

..# ..
...............
......>.....#.#
..............#
#....... ....##.
!#....... .......
........##.......
......†.#<.......
......@@O...#....
............# .
....##.##.......
... #. ........ .
.. .......# ...
.>.....#
....##.......
###.# <......


You could see Edmund and an ogre.

Vanquished Creatures
  2 ogres (D:5)
  A centaur (D:5)
  A phantom (D:5)
  A scorpion (D:6)
  A hound (D:5)
  4 iguanas
  2 orc wizards
  6 adders
  2 ufetubi (D:5)
  A worm (D:2)
  4 dart slugs
  16 orcs
  5 endoplasms
  2 giant cockroaches
  4 goblins
  5 hobgoblins
  4 jackals (D:1)
  A quokka (D:1)
  8 ball pythons
  5 bats
  5 frilled lizards
  6 kobolds
  6 rats
92 creatures vanquished.

Notes
Turn   | Place    | Note
-------+----------+-------------------------------------------
     0 | D:1      | Joey1 the Minotaur Fighter began the quest for the Orb.
     0 | D:1      | Reached XP level 1. HP: 19/19 MP: 0/0
    72 | D:1      | Reached XP level 2. HP: 27/27 MP: 1/1
    79 | D:1      | Reached skill level 3 in Long Blades
   307 | D:1      | Reached XP level 3. HP: 33/33 MP: 2/2
   460 | D:1      | Found a faded altar of an unknown god.
  1142 | D:2      | Reached XP level 4. HP: 35/40 MP: 3/3
  1684 | D:3      | Reached skill level 4 in Long Blades
  2171 | D:3      | Found Hoediumi's Magic Scroll Emporium.
  2178 | D:3      | Bought a scroll of identify for 28 gold pieces
  2237 | D:4      | Reached XP level 5. HP: 42/47 MP: 4/4
  2760 | D:4      | Reached skill level 5 in Long Blades
  2761 | D:4      | Identified the +2 leather armour "Jeaciqav" {Regen+ Dex+2}
  2920 | D:4      | Found a hazy altar of Hepliaklqana.
  3023 | D:4      | Found a sacrificial altar of Ru.
  3133 | D:5      | Entered Level 5 of the Dungeon
  3211 | D:5      | Noticed an ogre
  3217 | D:5      | Killed an ogre
  3218 | D:5      | Reached skill level 5 in Shields
  3218 | D:5      | Reached XP level 6. HP: 55/55 MP: 5/5
  3221 | D:5      | Reached skill level 5 in Fighting
  3221 | D:5      | Reached skill level 5 in Armour
  3367 | D:5      | Reached skill level 6 in Long Blades
  3537 | D:5      | Found a staircase to the Ecumenical Temple.
  3675 | D:5      | Reached skill level 7 in Long Blades
  3675 | D:5      | Reached XP level 7. HP: 20/61 MP: 6/6
  3932 | D:5      | Found a burning altar of Makhleb.
  4201 | Temple   | Entered the Ecumenical Temple
  4234 | D:6      | Noticed Edmund
  4239 | D:6      | Reached skill level 8 in Long Blades
  4246 | D:6      | Slain by Edmund

Illustrated notes

Levels and vault maps discovered:
D:1:      dpeg_arrival_court, layout_basic,
          shapermc_ecumenical_altar_mp_ritualfount
D:2:      layout_loops_ring, minivault_26
D:3:      layout_loops_ring, serial_shops, nicolae_shop_back_alley_shop,
          uniq_crazy_yiuf_cottage
D:4:      layout_basic, nicolae_ru_the_path_less_chosen,
          nicolae_hepliaklqana_hippocampus
D:5:      layout_cave_pods, mainiacjoe_overflow_alcove_2,
          minmay_temple_entry_mist
D:6:      layout_cave_pools, cheibriados_altar_1, vehumet_altar_wand_db,
          serial_shops, nicolae_shop_tiny_statue_garden, uniq_edmund
Temple:   hellmonk_temple_rainy

Skill      XL: |  1  2  3  4  5  6  7 |
---------------+----------------------+-----
Long Blades    | 3 4 5 7 8 |  8.3
Armour         | 4 5 |  5.0
Shields        | 4 5 |  5.0
Fighting       | 4 5 |  5.0

Action                     |  1- 3 |  4- 6 |  7- 9 || total
---------------------------+-------+-------+-------++-------
  Melee: Long sword        |    85 |    17 |       ||   102
         Headbutt          |    10 |    15 |     7 ||    32
         Falchion          |       |    86 |    28 ||   114
    Use: Potion            |       |       |     1 ||     1
 Armour: Scale mail        |    66 |    49 |       ||   115
         Chain mail        |       |    54 |    39 ||    93
  Dodge: Dodged            |    48 |    51 |    22 ||   121
  Block: Buckler           |    13 |    21 |     7 ||    41

Table legend: (Time is in decaauts)
 A = Elapsed time spent in this place.
 B = Non-inter-level travel time spent in this place.
 C = Inter-level travel time spent in this place.
 D = Time resting spent in this place.
 E = Time spent auto-exploring this place.
 F = Levels seen in this place.
 G = Mean time per level.
                   A        B        C        D        E       F      G
               +--------+--------+--------+--------+--------+-----+--------+
         Total |   4338 |   4119 |    219 |    135 |   3370 |   7 |  619.7 |
       Dungeon |   4322 |   4103 |    219 |    135 |   3370 |   6 |  720.3 |
        Temple |     15 |     15 |      0 |      0 |      0 |   1 |   15.0 |
               +--------+--------+--------+--------+--------+-----+--------+

Top non-repeatable levels by time:
     D:5: 1119 daAuts
     D:4: 934 daAuts
     D:2: 853 daAuts
     D:1: 853 daAuts
     D:3: 547 daAuts
  Temple: 15 daAuts
     D:6: 14 daAuts
